 Dungeon Crawl Stone Soup version 0.23.2-1-ga50397a (webtiles) character file.

Game seed: 17501542720812766420

116 IBeShadow the Gusty (level 5, 0/30 HPs)
             Began as a Tengu Air Elementalist on May 15, 2019.
             Killed from afar by Ijyb (10 damage)
             ... with a wand of flame (24)
             ... on level 3 of the Dungeon.
             The game lasted 00:04:34 (2599 turns).

IBeShadow the Gusty (Tengu Air Elementalist)        Turns: 2599, Time: 00:04:35

Health: 0/30       AC:  7    Str:  9    XL:     5   Next: 0%
Magic:  4/10       EV: 12    Int: 15    God:
Gold:   101        SH:  0    Dex: 18    Spells: 8/9 levels left

rFire    . . .     SeeInvis .   b - +0 club
rCold    . . .     Gourm    .   (no shield)
rNeg     . . .     Faith    .   d - +0 leather armour
rPois    .         Spirit   .   (helmet restricted)
rElec    .         Reflect  .   o - +0 cloak
rCorr    .         Harm     .   p - +2 pair of gloves
MR       .....                  (boots unavailable)
Stlth    ++........             (no amulet)
HPRegen  0.10/turn              i - +3 ring of dexterity (curse)
MPRegen  0.12/turn              (no ring)

@: slowed, very slow
A: beak, talons 3, able to fly
a: Fly


You were on level 3 of the Dungeon.
You were hungry.

You visited 1 branch of the dungeon, and saw 3 of its levels.

You collected 101 gold pieces.

Inventory:

Hand Weapons
 b - a +0 club (weapon)
Armour
 a - a +0 robe
 d - a +0 leather armour (worn)
 o - a +0 cloak (worn)
 p - a +2 pair of gloves (worn)
Jewellery
 i - a cursed +3 ring of dexterity (left hand)
Scrolls
 e - 4 scrolls of identify {unknown}
 f - a scroll of remove curse {unknown}
 g - a scroll of noise {unknown}
 l - 2 scrolls of amnesia {unknown}
 n - a scroll of teleportation {unknown}
Potions
 h - 5 potions of curing {unknown}
 j - a potion of mutation {unknown}
 k - a potion of flight {unknown}
 m - a potion of ambrosia {unknown}
Comestibles
 c - 4 rations


   Skills:
 + Level 1.8 Fighting
 + Level 1.7 Maces & Flails
 - Level 2.1 Dodging
 - Level 2.0 Stealth
 + Level 2.6 Spellcasting
 + Level 2.9 Conjurations
 + Level 4.9 Air Magic


You had 8 spell levels left.
You knew the following spells:

 Your Spells              Type           Power        Failure   Level  Hunger
a - Shock                 Conj/Air       ##..         6%          1    #......

Your spell library contained the following spells:

 Spells                   Type           Power        Failure   Level  Hunger
 Swiftness                Chrm/Air       #.......     16%         2    ##.....
 Static Discharge         Conj/Air       ##......     17%         3    ###....
 Airstrike                Air            ###.......   36%         4    #####..
 Lightning Bolt           Conj/Air       ##........   85%         5    ######.


Dungeon Overview and Level Annotations

Branches:
Dungeon (3/15)

Altars:
Kikubaaqudgha

Annotations:
D:3 Ijyb


Innate Abilities, Weirdness & Mutations

You have a beak for a mouth.
You have claws for feet.
You can fly continuously.


Message History

Ijyb is lightly wounded.
The zap hits Natasha.
Natasha is severely wounded.
Ijyb misses you.
Casting: Shock (safe; 6% risk of failure)
Confirm with . or Enter, or press ? or * to list all spells.
Aiming: Shock (safe; 6% risk of failure)
Press: ? - help, Shift-Dir - straight line, f/p - Ijyb
Aim: Ijyb, wielding a +0 club, wearing a +0 scale mail and carrying a wand of flame (25) (lightly wounded, unusually strong)
The zap hits Ijyb.
Ijyb is moderately wounded.
The zap hits Natasha.
You kill Natasha!
Moaning pathetically, Natasha's spirit plunges into the ground.
You have reached level 5!
You have gained the ability to fly.
Ijyb zaps a wand.
The puff of flame hits you. Ijyb barely misses you.
Ijyb zaps a wand.
The puff of flame hits you!
You die...

########## #.
#.@....... #%#
#.######## #.# #g# #
#.# #.# ####. #.# #†#
...%.##'####.#
.............########
....................#
....................#


You could see Ijyb.

Vanquished Creatures
  Natasha (twice) (D:3)
  Robin (D:3)
  An adder (D:3)
  A dart slug (D:2)
  7 bats
  A giant cockroach (D:2)
  15 goblins
  5 hobgoblins
  2 kobolds
  2 ball pythons
  2 frilled lizards
  4 rats (D:1)
43 creatures vanquished.

Notes
Turn   | Place    | Note
-------+----------+-------------------------------------------
     0 | D:1      | IBeShadow the Tengu Air Elementalist began the quest for
                  | the Orb.
     0 | D:1      | Reached XP level 1. HP: 10/10 MP: 4/4
   204 | D:1      | Reached XP level 2. HP: 16/16 MP: 4/6
  1444 | D:2      | Reached skill level 1 in Fighting
  1444 | D:2      | Reached XP level 3. HP: 19/20 MP: 7/7
  1856 | D:3      | Reached skill level 1 in Maces & Flails
  1990 | D:3      | Noticed Robin
  2001 | D:3      | Killed Robin
  2001 | D:3      | Reached XP level 4. HP: 10/25 MP: 1/8
  2291 | D:3      | Noticed Natasha
  2294 | D:3      | Found an ancient bone altar of Kikubaaqudgha.
  2302 | D:3      | Killed Natasha
  2580 | D:3      | Noticed Ijyb
  2581 | D:3      | Noticed Natasha
  2597 | D:3      | Killed Natasha
  2597 | D:3      | Gained mutation: You can fly continuously. [Tengu growth]
  2597 | D:3      | Reached XP level 5. HP: 11/30 MP: 3/10
  2599 | D:3      | Killed from afar by Ijyb

Skill      XL: |  1  2  3 |
---------------+----------+-----
Conjurations   | 2 |  2.9
Fighting       | 1 |  1.8
Maces & Flails | 1 |  1.7
Dodging        | |  2.1
Stealth        | |  2.0
Spellcasting   | |  2.6
Air Magic      | |  4.9

Action                   |  1- 3 |  4- 6 || total
-------------------------+-------+-------++-------
Melee: Club              |    67 |    12 ||    79
       Unarmed           |     9 |       ||     9
       Peck              |    13 |     3 ||    16
       Kick              |    11 |     2 ||    13
 Cast: Shock             |    13 |    12 ||    25
 Stab: Sleeping          |     7 |       ||     7
       Distracted        |       |     1 ||     1
  Eat: Chunk             |     4 |     1 ||     5
Armor: Robe              |    17 |       ||    17
       Leather armour    |    21 |     3 ||    24
Dodge: Dodged            |    57 |    20 ||    77
